MAA
SALEM MISFITS @ ELLENBURG FIGHTING DACHSHUNDS
06/14/2019
 
TOP OF THE 1ST
Salem Misfits batting - Pitching for Ellenburg Fighting Dachshunds : RHP Leroy Picot
Pitching: RHP Leroy Picot
Batting: LHB Iván Flores 0-0: Ball
1-0: Foul Ball, location: 2F
1-1: Called Strike
1-2: Strikes out swinging
Batting: SHB Alonso Márquez 0-0: Ball
1-0: Ball
2-0: Swinging Strike
2-1: Swinging Strike
2-2: Foul Ball, location: 2F
2-2: Strikes out swinging
Batting: LHB Júlio Valentín 0-0: Ball
1-0: Ball
2-0: Ground out U3 (Groundball, 3L)
Top of the 1st over - 0 run(s), 0 hit(s), 0 error(s), 0 left on base; Salem 0 - Ellenburg 0
BOTTOM OF THE 1ST
Ellenburg Fighting Dachshunds batting - Pitching for Salem Misfits : RHP Robert Neal
Pitching: RHP Robert Neal
Batting: RHB Tim Burnett 0-0: Called Strike
0-1: Foul Ball, location: 2F
0-2: Strikes out swinging
Batting: LHB Ramón Hernández 0-0: Called Strike
0-1: SINGLE (Groundball, 4MD)
Batting: LHB Ismael Cabrera 0-0: Called Strike
0-1: Foul Ball, location: 2F
0-2: Fielders Choice at 2nd, 6-4 (Groundball, 6M)
Batting: RHB Jesús López 0-0: Ball
1-0: Swinging Strike
1-1: Ball
2-1: Foul Ball, location: 2F
2-2: DOUBLE (Line Drive, 89M)
Ismael Cabrera to third
Ismael Cabrera scores
Batting: RHB Isaac Downey 0-0: Swinging Strike
0-1: Called Strike
0-2: Ball
1-2: Foul Ball, location: 2F
1-2: Foul Ball, location: 2F
1-2: Ground out 4-3 (Groundball, 4)
Bottom of the 1st over - 1 run(s), 2 hit(s), 0 error(s), 1 left on base; Salem 0 - Ellenburg 1
TOP OF THE 2ND
Salem Misfits batting - Pitching for Ellenburg Fighting Dachshunds : RHP Leroy Picot
Batting: RHB Raúl Reyna 0-0: Called Strike
0-1: Called Strike
0-2: Foul Ball, location: 2F
0-2: Foul Ball, location: 2F
0-2: Foul Ball, location: 2F
0-2: Ball
1-2: Ball
2-2: Foul Ball, location: 2F
2-2: Strikes out swinging
Batting: RHB Jong-duk Kim 0-0: Ball
1-0: Called Strike
1-1: Called Strike
1-2: Ball
2-2: Foul Ball, location: 2F
2-2: Strikes out swinging
Batting: RHB Will Robinson 0-0: Ball
1-0: Ball
2-0: Called Strike
2-1: Foul Ball, location: 2F
2-2: Strikes out swinging
Top of the 2nd over - 0 run(s), 0 hit(s), 0 error(s), 0 left on base; Salem 0 - Ellenburg 1
BOTTOM OF THE 2ND
Ellenburg Fighting Dachshunds batting - Pitching for Salem Misfits : RHP Robert Neal
Batting: RHB Eddie Davis 0-0: Ball
1-0: Ball
2-0: Called Strike
2-1: Foul Ball, location: 2F
2-2: Foul Ball, location: 2F
2-2: Fly out, F7 (Flyball, 78M)
Batting: LHB Alan Hardy 0-0: Ball
1-0: Swinging Strike
1-1: Ball
2-1: Swinging Strike
2-2: Strikes out swinging
Batting: RHB Manuel Herrera 0-0: Ball
1-0: Swinging Strike
1-1: Foul Ball, location: 2F
1-2: SINGLE (Groundball, 34D) (infield hit)
Batting: RHB Cole McKnight 0-0: Ground out 6-3 (Groundball, 6)
Bottom of the 2nd over - 0 run(s), 1 hit(s), 0 error(s), 1 left on base; Salem 0 - Ellenburg 1
TOP OF THE 3RD
Salem Misfits batting - Pitching for Ellenburg Fighting Dachshunds : RHP Leroy Picot
Batting: RHB Miguel Torres 0-0: Called Strike
0-1: Ball
1-1: Called Strike
1-2: Foul Ball, location: 2F
1-2: Strikes out swinging
Batting: SHB Emílio Gonzáles 0-0: Ball
1-0: Called Strike
1-1: Swinging Strike
1-2: Foul Ball, location: 2F
1-2: Strikes out looking
Batting: SHB Arturo Romero 0-0: Called Strike
0-1: Foul Ball, location: 2F
0-2: Strikes out swinging
Top of the 3rd over - 0 run(s), 0 hit(s), 0 error(s), 0 left on base; Salem 0 - Ellenburg 1
BOTTOM OF THE 3RD
Ellenburg Fighting Dachshunds batting - Pitching for Salem Misfits : RHP Robert Neal
Batting: RHB Tim Burnett 0-0: Ball
1-0: Called Strike
1-1: Bunted foul
1-2: Ball
2-2: Ball
3-2: Foul Ball, location: 2F
3-2: Base on Balls
Batting: LHB Ramón Hernández 0-0: Foul Ball, location: 2F
0-1: Grounds into double play, 2-4-3 (Groundball, 2R)
Batting: LHB Ismael Cabrera 0-0: Called Strike
0-1: Called Strike
0-2: Strikes out swinging
Bottom of the 3rd over - 0 run(s), 0 hit(s), 0 error(s), 0 left on base; Salem 0 - Ellenburg 1
TOP OF THE 4TH
Salem Misfits batting - Pitching for Ellenburg Fighting Dachshunds : RHP Leroy Picot
Batting: LHB Iván Flores 0-0: Foul Ball, location: 2F
0-1: Called Strike
0-2: Ball
1-2: Ground out 4-3 (Groundball, 4M)
Batting: SHB Alonso Márquez 0-0: Foul Ball, location: 2F
0-1: Bunt - Flyout! F1
Batting: LHB Júlio Valentín 0-0: DOUBLE (Line Drive, 9LM)
Batting: RHB Raúl Reyna 0-0: Called Strike
0-1: Ball
1-1: Ball
2-1: Called Strike
2-2: Strikes out swinging
Top of the 4th over - 0 run(s), 1 hit(s), 0 error(s), 1 left on base; Salem 0 - Ellenburg 1
BOTTOM OF THE 4TH
Ellenburg Fighting Dachshunds batting - Pitching for Salem Misfits : RHP Robert Neal
Batting: RHB Jesús López 0-0: Called Strike
0-1: Ball
1-1: Ball
2-1: DOUBLE (Line Drive, 78M)
Batting: RHB Isaac Downey 0-0: Ball
1-0: Swinging Strike
1-1: Foul Ball, location: 2F
1-2: Ball
2-2: Strikes out looking
Batting: RHB Eddie Davis 0-0: Called Strike
Jesús López steals 3rd base
0-1: Fly out, F9 (Line Drive, 9S)
Batting: LHB Alan Hardy 0-0: Foul Ball, location: 2F
0-1: Foul Ball, location: 2F
0-2: Ball
1-2: Ball
2-2: Fly out, F8 (Flyball, 8RM)
Bottom of the 4th over - 0 run(s), 1 hit(s), 0 error(s), 1 left on base; Salem 0 - Ellenburg 1
TOP OF THE 5TH
Salem Misfits batting - Pitching for Ellenburg Fighting Dachshunds : RHP Leroy Picot
Batting: RHB Jong-duk Kim 0-0: Called Strike
0-1: Swinging Strike
0-2: Ball
1-2: Fly out, F9 (Flyball, 9M)
Batting: RHB Will Robinson 0-0: Ball
1-0: Called Strike
1-1: Foul Ball, location: 2F
1-2: Strikes out looking
Batting: RHB Miguel Torres 0-0: Ball
1-0: Called Strike
1-1: Fly out, F6 (Popup, 6D)
Top of the 5th over - 0 run(s), 0 hit(s), 0 error(s), 0 left on base; Salem 0 - Ellenburg 1
BOTTOM OF THE 5TH
Ellenburg Fighting Dachshunds batting - Pitching for Salem Misfits : RHP Robert Neal
Batting: RHB Manuel Herrera 0-0: Foul Ball, location: 2F
0-1: Ball
1-1: Swinging Strike
1-2: Fly out, F2 (Popup, 2RF)
Batting: RHB Cole McKnight 0-0: Ball
1-0: Ball
2-0: Fly out, F7 (Flyball, 7M)
Batting: RHB Tim Burnett 0-0: Ball
1-0: Swinging Strike
1-1: SINGLE (Groundball, 56D)
Batting: LHB Ramón Hernández 0-0: Ball
1-0: Ball
2-0: Ball
3-0: Called Strike
3-1: Ground out 4-3 (Groundball, 34)
Bottom of the 5th over - 0 run(s), 1 hit(s), 0 error(s), 1 left on base; Salem 0 - Ellenburg 1
TOP OF THE 6TH
Salem Misfits batting - Pitching for Ellenburg Fighting Dachshunds : RHP Leroy Picot
Batting: SHB Emílio Gonzáles 0-0: Called Strike
0-1: Foul Ball, location: 2F
0-2: Foul Ball, location: 2F
0-2: Strikes out swinging
Batting: SHB Arturo Romero 0-0: Ball
1-0: Foul Ball, location: 2F
1-1: Ball
2-1: Ball
3-1: Ground out 6-3 (Groundball, 6)
Batting: LHB Iván Flores 0-0: Foul Ball, location: 2F
0-1: Ball
1-1: Foul Ball, location: 2F
1-2: Foul Ball, location: 2F
1-2: Strikes out swinging
Top of the 6th over - 0 run(s), 0 hit(s), 0 error(s), 0 left on base; Salem 0 - Ellenburg 1
BOTTOM OF THE 6TH
Ellenburg Fighting Dachshunds batting - Pitching for Salem Misfits : RHP Robert Neal
Batting: LHB Ismael Cabrera 0-0: Foul Ball, location: 2F
0-1: Ball
1-1: Ball
2-1: Fly out, F8 (Flyball, 8RM)
Batting: RHB Jesús López 0-0: Ball
1-0: Ball
2-0: Ground out 5-3 (Groundball, 56)
Batting: RHB Isaac Downey 0-0: Ball
1-0: Ball
2-0: Ground out 6-3 (Groundball, 6)
Bottom of the 6th over - 0 run(s), 0 hit(s), 0 error(s), 0 left on base; Salem 0 - Ellenburg 1
TOP OF THE 7TH
Salem Misfits batting - Pitching for Ellenburg Fighting Dachshunds : RHP Leroy Picot
Batting: SHB Alonso Márquez 0-0: Ball
1-0: Ball
2-0: Foul Ball, location: 2F
2-1: Ball
3-1: Foul Ball, location: 2F
3-2: Foul Ball, location: 2F
3-2: Ground out 6-3 (Groundball, 6S)
Batting: LHB Júlio Valentín 0-0: Ball
1-0: Called Strike
1-1: Ground out 6-3 (Groundball, 6)
Batting: RHB Raúl Reyna 0-0: Swinging Strike
0-1: Foul Ball, location: 2F
0-2: Foul Ball, location: 2F
0-2: Ball
1-2: Ball
2-2: Strikes out swinging
Top of the 7th over - 0 run(s), 0 hit(s), 0 error(s), 0 left on base; Salem 0 - Ellenburg 1
BOTTOM OF THE 7TH
Ellenburg Fighting Dachshunds batting - Pitching for Salem Misfits : RHP Robert Neal
Batting: RHB Eddie Davis 0-0: Foul Ball, location: 2F
0-1: Foul Ball, location: 2F
0-2: Foul Ball, location: 2F
0-2: Ball
1-2: Foul Ball, location: 2F
1-2: Foul Ball, location: 2F
1-2: Strikes out swinging
Batting: LHB Alan Hardy 0-0: Fly out, F7 (Flyball, 7M)
Batting: RHB Manuel Herrera 0-0: Ball
1-0: Called Strike
1-1: Called Strike
1-2: Ball
2-2: Ball
3-2: Foul Ball, location: 2F
3-2: Fly out, F9 (Flyball, 89S)
Bottom of the 7th over - 0 run(s), 0 hit(s), 0 error(s), 0 left on base; Salem 0 - Ellenburg 1
TOP OF THE 8TH
Salem Misfits batting - Pitching for Ellenburg Fighting Dachshunds : RHP Leroy Picot
Pitching: RHP Ken Snyder
Now at C: Tim Martínez
Batting: RHB Jong-duk Kim 0-0: Ball
1-0: Called Strike
1-1: SINGLE (Line Drive, 89M)
Pitching: RHP José Rodríguez
Batting: RHB Will Robinson 0-0: Ball
1-0: Sac Bunt - play at first, batter OUT! U3
Jong-duk Kim to second
Batting: RHB Miguel Torres 0-0: Ball
1-0: Swinging Strike
1-1: Ball
2-1: Foul Ball, location: 2F
2-2: Strikes out swinging
Pinch Hitting: LHB Jay Carlson 0-0: SINGLE (Flyball, 8LS)
Jong-duk Kim to third
Pinch Hitting: RHB José Casarreal 0-0: Ground out 5-3 (Groundball, 5)
Top of the 8th over - 0 run(s), 2 hit(s), 0 error(s), 2 left on base; Salem 0 - Ellenburg 1
BOTTOM OF THE 8TH
Ellenburg Fighting Dachshunds batting - Pitching for Salem Misfits : RHP Robert Neal
Now at 1B: José Casarreal
Now at SS: Joe Werner
Batting: RHB Tim Martínez 0-0: Swinging Strike
0-1: Foul Ball, location: 2F
0-2: Fly out, F7 (Line Drive, 7S)
Pitching: LHP Jim Unknown
Batting: RHB Tim Burnett 0-0: Fly out, F5 (Popup, 5F)
Batting: LHB Ramón Hernández 0-0: Called Strike
0-1: Called Strike
0-2: Strikes out swinging
Bottom of the 8th over - 0 run(s), 0 hit(s), 0 error(s), 0 left on base; Salem 0 - Ellenburg 1
TOP OF THE 9TH
Salem Misfits batting - Pitching for Ellenburg Fighting Dachshunds : RHP José Rodríguez
Pitching: RHP Ed Stark
Batting: LHB Iván Flores 0-0: Foul Ball, location: 2F
0-1: Swinging Strike
0-2: Ball
1-2: Ball
2-2: SINGLE (Line Drive, 8RS)
Batting: SHB Alonso Márquez 0-0: Bunted foul
0-1: Bunted foul
0-2: Strikes out looking
Batting: LHB Júlio Valentín 0-0: Ball
1-0: Grounds into double play, U4-3 (Groundball, 4M)
Top of the 9th over - 0 run(s), 1 hit(s), 0 error(s), 0 left on base; Salem 0 - Ellenburg 1
This league is powered by Out of the Park Baseball, the baseball management simulation game for PC, Mac and Linux
Saturday, July 25th, 2015 - OOTP Baseball 15.6 Build 34